 Dungeon Crawl Stone Soup version 0.26.1-11-gd32895ea62 (webtiles) character file.

Game seed: 7951714383133270461

1404 dtburroughs the Skirmisher (level 8, -2/71 HPs)
             Began as a Minotaur Berserker on July 21, 2021.
             Was a Priest of Trog.
             Slain by an unseen horror (7 damage)
             ... on level 6 of the Dungeon.
             The game lasted 00:08:40 (6171 turns).

dtburroughs the Skirmisher (Minotaur Berserker)     Turns: 6171, Time: 00:08:41

Health: -2/71      AC: 11    Str: 21 (22) XL:     8   Next: 42%
Magic:  7/7        EV:  6    Int:  5 (6)  God:    Trog [***...]
Gold:   340        SH: 15    Dex:  9 (10) Spells: 7/7 levels left

rFire    . . .     SeeInvis .   q - +0 war axe
rCold    + . .     Faith    .   n - +1 tower shield {rC+}
rNeg     . . .     Spirit   .   w - +0 chain mail
rPois    .         Reflect  .   (helmet restricted)
rElec    .         Harm     .   l - scarf {shadows}
rCorr    .         Rampage  .   (no gloves)
Will     ++...                  u - +0 pair of boots
Stlth    ..........             (no amulet)
HPRegen  1.21/turn              (no ring)
MPRegen  0.10/turn              (no ring)

@: regenerating (expiring)
A: retaliatory headbutt, horns 2
a: Renounce Religion, Berserk, Trog's Hand


You were on level 6 of the Dungeon.
You worshipped Trog.
Trog was most pleased with you.
You visited 1 branch of the dungeon, and saw 6 of its levels.

You collected 340 gold pieces.

Inventory:

Hand Weapons
 q - a +0 war axe (weapon)
Armour
 l - a scarf of shadows (worn)
 n - a +1 tower shield of cold resistance (worn)
 u - a +0 pair of boots (worn)
 w - a +0 chain mail (worn)
Jewellery
 c - a +6 ring of intelligence {unknown}
 k - a +6 ring of strength {unknown}
 r - an uncursed amulet of the acrobat
 s - an uncursed ring of willpower {unknown}
 t - a cursed amulet of inaccuracy {unknown}
Wands
 v - a wand of digging (1)
Scrolls
 a - 2 scrolls of immolation {unknown}
 d - 2 scrolls of magic mapping {unknown}
 e - 3 scrolls of remove curse {unknown}
 f - 3 scrolls of amnesia {unknown}
 g - 6 scrolls of identify {unknown}
 h - 3 scrolls of fear {unknown}
 m - 4 scrolls of teleportation {unknown}
Potions
 b - a potion of curing
 i - a potion of might {unknown}
 j - a potion of cancellation
 o - a potion of degeneration
 p - a potion of lignification {unknown}


   Skills:
 + Level 6.7 Fighting
 + Level 6.7 Axes
 + Level 6.1 Armour
 + Level 5.5 Dodging
 + Level 5.0 Shields


You had 7 spell levels left.
You didn't know any spells.
Your spell library was empty.

Dungeon Overview and Level Annotations

Branches:
Dungeon (6/15)             Temple (0/1) D:4

Altars:
Kikubaaqudgha
Makhleb


Innate Abilities, Weirdness & Mutations

You reflexively headbutt those who attack you in melee.
You have a pair of horns on your head.


Message History

Press: ? - help, Shift-Dir - straight line, f - you Please select a direction to dig.
Okay, then.
Unknown command.
It was a potion of cancellation.
You feel magically purged. Something hits you.
* * * LOW HITPOINT WARNING * * *
Something hits you but does no damage.
It was a potion of degeneration.
There was something very wrong with that liquid.
You feel weakened.
You feel dopey.
You feel clumsy. You block something's attack. Something hits you.
* * * LOW HITPOINT WARNING * * *
You feel the effects of Trog's Hand fading.
You block something's attack. x2
You miss something. Your headbutt misses something.
You block something's attack. Something hits you.
* * * LOW HITPOINT WARNING * * *
Something hits you!
You die...

............##....# #...####..#
#...........###...# #..## #..#
...............#..## #..# #..#
.#..........##.#...###..# #..#
.##.......#.###..#.....## #..#
..........#.# #.#......# ##..##
.....#..#.#.######.....# ###.....
.#..#...##...#######...###......#
......##........@.###.....#####..
..##.. ##........## ##....# ..
##. #..###..### ##...# .# #..
#### #...# . #.. #...# #.# .....
# .......


There were no monsters in sight!

Vanquished Creatures
  An ice beast (D:6)
  2 sky beasts
  A centaur (D:6)
  2 ogres
  Blork the orc (D:5)
  3 bullfrogs
  A scorpion (D:5)
  2 howler monkeys (D:6)
  2 bullfrog zombies
  A hound (D:5)
  A bullfrog skeleton (D:4)
  An orc wizard (D:5)
  An iguana (D:5)
  A worker ant (D:5)
  3 hound skeletons
  8 gnolls
  5 adders
  A white imp (D:6)
  2 ufetubi
  3 oozes
  An adder zombie (D:6)
  A dart slug (D:2)
  3 worms
  A leopard gecko (D:2)
  9 orcs
  4 bats
  5 giant cockroaches
  6 hobgoblins
  16 jackals
  A quokka (D:2)
  3 frilled lizards (D:1)
  7 goblins
  A jackal skeleton (D:6)
  6 kobolds
  A leopard gecko skeleton (D:4)
  A quokka skeleton (D:5)
  7 rats
115 creatures vanquished.

Notes
Turn   | Place    | Note
-------+----------+-------------------------------------------
     0 | D:1      | dtburroughs the Minotaur Berserker began the quest for the
                  | Orb.
     0 | D:1      | Reached XP level 1. HP: 19/19 MP: 0/0
    95 | D:1      | Reached XP level 2. HP: 17/27 MP: 1/1
   761 | D:2      | Reached XP level 3. HP: 30/33 MP: 2/2
   776 | D:2      | Reached ** piety under Trog
  1064 | D:2      | Reached XP level 4. HP: 19/41 MP: 3/3
  1338 | D:1      | Reached skill level 1 in Shields
  1676 | D:2      | HP: 1/41 [kobold/+0 dagger (4)]
  2256 | D:2      | Reached XP level 5. HP: 28/47 MP: 4/4
  2419 | D:2      | Found an ancient bone altar of Kikubaaqudgha.
  3367 | D:4      | Found a staircase to the Ecumenical Temple.
  3481 | D:4      | Noticed an ogre
  3488 | D:4      | Killed an ogre
  3489 | D:4      | Reached skill level 5 in Fighting
  3652 | D:4      | Reached XP level 6. HP: 56/56 MP: 5/5
  3657 | D:4      | Found a burning altar of Makhleb.
  3701 | D:4      | Reached *** piety under Trog
  3702 | D:4      | Reached skill level 5 in Axes
  4454 | D:5      | Entered Level 5 of the Dungeon
  4506 | D:5      | Noticed a sky beast
  4527 | D:5      | Killed a sky beast
  4784 | D:5      | Noticed Blork the orc
  4790 | D:5      | Killed Blork the orc
  4791 | D:5      | Reached XP level 7. HP: 59/61 MP: 6/6
  4970 | D:5      | Reached skill level 5 in Armour
  5547 | D:5      | Reached skill level 5 in Dodging
  5547 | D:5      | Reached XP level 8. HP: 35/70 MP: 7/7
  6129 | D:6      | Reached skill level 5 in Shields
  6171 | D:6      | Slain by an unseen horror

Illustrated notes

Levels and vault maps discovered:
D:1:      wander_arrival_desolate, layout_basic
D:2:      minmay_spotlight, layout_rooms, nicolae_overflow_hidden_temple
D:3:      layout_basic
D:4:      layout_gridville, bloody_makhleb, minmay_temple_entry_overgrown
D:5:      layout_rooms, water_maze_lemuel, uniq_blork_the_orc
D:6:      layout_layer_cave, nicolae_gozag_cash_rules_everything_around_me,
          nicolae_overflow_crystal_walls, gammafunk_temple_overflow_pools,
          minmay_chambers_of_fives, uniq_sigmund, uniq_edmund

Skill      XL: |  1  2  3  4  5  6  7  8 |
---------------+-------------------------+-----
Fighting       | 4 5 6 |  6.7
Axes           | 4 5 6 |  6.7
Armour         | 3 4 5 6 |  6.1
Dodging        | 3 4 5 |  5.5
Shields        | 1 2 3 4 5 |  5.0

Action                   |  1- 3 |  4- 6 |  7- 9 || total
-------------------------+-------+-------+-------++-------
Melee: Hand axe          |    67 |    60 |       ||   127
       Headbutt          |    12 |    19 |    23 ||    54
       War axe           |       |    62 |   117 ||   179
Invok: Berserk           |       |     2 |       ||     2
       Trog's Hand       |       |     1 |     1 ||     2
  Use: Potion            |       |       |     3 ||     3
Armor: Animal skin       |    15 |    17 |       ||    32
       Ring mail         |       |    11 |     3 ||    14
       Chain mail        |       |       |    99 ||    99
Dodge: Dodged            |    60 |    33 |    27 ||   120
Block: Tower shield      |       |    96 |   126 ||   222
